Map: Year Zero LE

Players

Seph - Winner!

  • Race: Protoss Protoss
  • League: Bronze
  • Spawn Location: 11:00

NEPO

  • Race: Protoss Protoss
  • League: Silver
  • Spawn Location: 1:00

VOD

Have the link to the VOD?

Description

Time

  • Played on: Feb. 15, 2019, 9:15 p.m.
  • Length: 9:58
Show
View Real Time Build Order
Export as new Build Order

Seph Protoss - Winner!

Build Orders:  

Get SALT Encoding   

  12  0:31  Probe  
  13  0:38  Pylon  
  13  0:39  Probe  
  13  0:47  Probe  
  14  0:52  Pylon  
  15  0:58  Probe  
  16  1:08  Gateway  
  16  1:10  Probe  
  17  1:14  Assimilator  
  17  1:21  Probe, Assimilator  
  18  1:29  Probe  
  18  1:38  Probe  
  20  1:49  Probe  
  21  1:58  Cybernetics Core  
  21  2:01  Pylon  
  21  2:03  Probe  
  22  2:12  Probe  
  23  2:23  Nexus  
  23  2:30  Assimilator  
  23  2:32  Assimilator  
  23  2:37  Pylon  
  23  2:40  Warp Gate, Probe  
  24  2:56  Shield Battery  
  24  2:58  Gateway  
  24  3:11  Gateway  
  24  3:20  Gateway  
  24  3:29  Gateway  
  24  3:58  Robotics Facility  
  24  4:08  Probe  
  25  4:11  Probe  
  26  4:20  Probe  
  26  4:23  Probe  
  28  4:29  Probe  
  28  4:35  Probe  
  28  4:38  Probe  
  30  4:41  Stalker x3  
  30  4:44  Stalker  
  39  4:46  Probe  
  39  4:48  Probe  
  39  4:50  Stalker  
  43  4:55  Warp Prism  
  43  4:58  Probe  
  44  5:00  Pylon, Probe  
  47  5:11  Probe  
  48  5:18  Stalker  
  48  5:19  Stalker  
  52  5:21  Stalker  
  52  5:25  Stalker  
  56  5:36  Probe  
  57  5:44  Probe  
  57  5:45  Probe  
  59  5:54  Probe  
  59  5:55  Forge  
  60  5:57  Probe  
  61  6:09  Probe  
  60  6:21  Probe  
  61  6:33  Probe  
  62  6:50  Pylon  
  62  6:52  Pylon  
  62  6:54  Pylon  
  62  6:56  Pylon  
  62  7:02  Twilight Council  
  62  7:05  Robotics Bay  
  62  7:07  Stargate  
  62  7:10  Stargate  
  62  7:12  Observer  
  63  7:23  Probe  
  64  7:33  Stalker x5  
  64  7:35  Probe  
  75  7:40  Protoss Shields Level 1  
  69  8:18  Stalker  
  69  8:19  Stalker x4  
  75  8:34  Colossus  
  81  8:50  Stalker x3  
  81  8:51  Stalker x2  
Show
View Real Time Build Order
Export as new Build Order

NEPO Protoss 

Build Orders:  

Get SALT Encoding   

  12  0:11  Probe  
  13  0:22  Probe  
  14  0:30  Probe  
  15  0:42  Pylon  
  15  1:08  Pylon  
  15  1:35  Probe  
  16  1:43  Probe  
  16  1:51  Probe  
  17  1:59  Pylon  
  18  2:04  Pylon  
  18  2:07  Assimilator  
  18  2:12  Assimilator  
  18  2:14  Probe  
  18  2:16  Forge  
  18  2:22  Probe  
  20  2:31  Probe  
  20  2:34  Gateway  
  21  2:43  Probe  
  22  2:55  Probe  
  23  3:02  Photon Cannon  
  23  3:04  Photon Cannon  
  23  3:07  Photon Cannon, Probe  
  24  3:16  Nexus  
  24  3:19  Probe  
  25  3:25  Protoss Shields Level 1  
  25  3:31  Probe  
  26  3:35  Zealot  
  28  3:55  Probe  
  28  4:00  Cybernetics Core  
  29  4:02  Zealot  
  29  4:03  Probe  
  32  4:11  Probe  
  33  4:21  Pylon  
  33  4:23  Probe  
  34  4:28  Pylon  
  34  4:33  Pylon  
  34  4:35  Probe  
  35  4:39  Photon Cannon  
  35  4:42  Photon Cannon  
  35  4:47  Photon Cannon  
  35  4:52  Photon Cannon  
  35  5:00  Photon Cannon  
  35  5:03  Photon Cannon  
  35  5:05  Probe  
  35  5:09  Photon Cannon  
  35  5:13  Probe  
  36  5:17  Stalker  
  39  5:22  Probe  
  40  5:32  Probe  
  40  5:35  Probe  
  42  5:43  Probe  
  42  5:44  Probe  
  42  5:46  Assimilator  
  42  5:48  Assimilator  
  44  5:53  Stalker  
  44  5:56  Probe  
  47  6:05  Protoss Air Armor Level 1  
  47  6:08  Probe  
  48  6:20  Probe  
  48  6:23  Zealot, Shield Battery  
  51  6:26  Shield Battery  
  51  6:28  Probe  
  52  6:37  Probe  
  52  6:38  Pylon  
  52  6:41  Pylon  
  52  6:44  Pylon  
  53  6:49  Probe, Pylon  
  54  7:01  Probe  
  55  7:16  Stargate  
  55  7:17  Stargate  
  55  7:21  Twilight Council  
  55  7:33  Stargate  
  55  7:38  Shield Battery  
  55  7:43  Shield Battery  
  55  7:48  Shield Battery  
  55  7:51  Protoss Ground Weapons Level 1, Shield Battery  
  55  7:55  Shield Battery  
  55  7:57  Shield Battery  
  55  8:10  Stalker  
  45  8:40  Stalker  
  45  9:10  Stalker  
Tags
 
Matchup
PvP
Spawn Locations
Close Positions
Add a new tag
Caveats
  • Supply blocks, unpowered buildings, or Contaminate may cause inaccurate times.
  • Supply counts are checked every 10 seconds.